[Event "Team 45 45 League T69"]
[Site "Internet Chess Club"]
[Date "2016.07.13"]
[Round "5"]
[White "JasonModer"]
[Black "SlimeDog2"]
[Result "1/2-1/2"]
[WhiteElo "1989"]
[BlackElo "2051"]
[Opening "Grünfeld: 5.e3"]
[ECO "D94"]
[Time "20:46:21"]
[TimeControl "2700+45"]

1. d4 Nf6 2. c4 g6 3. Nc3 d5 4. e3 Bg7 5. Nf3 O-O 6. cxd5 Nxd5 7. Bc4 Nb6 8. Bb3
c5 9. O-O cxd4 10. exd4 Nc6 11. d5 Na5 12. Re1 Bg4 13. h3 Nxb3 14. axb3 Bxf3 15.
Qxf3 Re8 16. Be3 e6 17. dxe6 Rxe6 18. Qxb7 Re7 19. Qf3 Rc8 20. Bf4 Rxe1+ 21.
Rxe1 Qf6 22. Qe3 Qf5 23. Bh6 Bxh6 24. Qxh6 Qc2 25. Re2 Qxb3 26. Ne4 Nd7 27. Rd2
Qe6 28. Qxh7+ Kxh7 29. Ng5+ Kh6 30. Nxe6 Rc1+ 31. Kh2 fxe6 32. Rxd7 Rc2 33. Rxa7
Rxb2 34. Kg3 Kg5 35. Rf7 Rb3+ 36. f3 Rb2 37. h4+ Kh6 38. Kh3 Rb5 39. g4 g5 40.
Rf6+ Kg7 41. hxg5 Re5 42. Kh4 Re1 43. f4 Rf1 44. f5 exf5 45. gxf5 Rh1+ 46. Kg4
Rg1+ 47. Kf4 Rf1+ 48. Ke5 Re1+ 49. Kd6 Rg1 50. Rg6+ Kf7 51. Kd7 Rg2 52. Kd6 Rg1
53. Ke5 Re1+ 54. Kf4 Rf1+ 55. Kg4 Rg1+ 56. Kh3 Rf1 57. Rf6+ Kg7 58. Kg4 Rg1+ 59.
Kf4 Rf1+ 60. Ke5 Re1+ 61. Kd6 Rg1 62. Ke7 Rxg5 63. Rf7+ Kg8 64. Rf8+ Kh7 65. Kf6
Rg1 66. Re8 Rf1 67. Re5 Kg8 68. Re8+ Kh7 69. Re7+ Kg8 70. Rg7+ Kf8 71. Rg3 Ra1
72. Re3 Rh1 73. Ke6 Ra1 74. f6 Ra6+ 75. Kf5 Ra1 76. Re2 Rb1 77. Re5 Kf7 78. Re7+
Kf8 79. Ra7 Rf1+ {Game drawn by mutual agreement} 1/2-1/2

[Event "Team 45 45 League T69"]
[Site "Internet Chess Club"]
[Date "2016.07.07"]
[Round "5"]
[White "ChessHouston"]
[Black "komodeo"]
[Result "0-1"]
[WhiteElo "1880"]
[BlackElo "1800"]
[Opening "Sicilian defense"]
[ECO "B44"]
[Time "15:03:48"]
[TimeControl "2700+45"]

1. e4 c5 2. Nf3 e6 3. d4 cxd4 4. Nxd4 Nc6 5. Nb3 Nf6 6. Bd3 d5 7. exd5 Nxd5 8.
c3 Bd6 9. O-O O-O 10. Re1 Qc7 11. g3 b6 12. N1d2 Bb7 13. Ne4 Be7 14. Bd2 Rad8
15. Bc2 Ne5 16. Nd4 Nc4 17. Bc1 e5 18. Nf5 Nde3 19. Nxe7+ Qxe7 20. Qe2 Nxc2 21.
Qxc2 Qc7 22. b3 f5 23. bxc4 Bxe4 24. Qe2 Rfe8 25. f4 Bb7 26. fxe5 Qc6 27. Bf4
Qh1+ 28. Kf2 Qg2+ 29. Ke3 Qe4+ 30. Kf2 Rd2 31. Qxd2 Qg2+ 32. Ke3 Qf3+ {White
resigns} 0-1

[Event "Team 45 45 League T69"]
[Site "Internet Chess Club"]
[Date "2016.07.10"]
[Round "5"]
[White "anna"]
[Black "achessman"]
[Result "1/2-1/2"]
[WhiteElo "1827"]
[BlackElo "1930"]
[Opening "Caro-Kann: classical variation"]
[ECO "B18"]
[Time "16:12:38"]
[TimeControl "2700+45"]

1. e4 c6 2. d4 d5 3. Nc3 dxe4 4. Nxe4 Bf5 5. Ng3 Bg6 6. Nf3 Nd7 7. Bd3 e6 8. O-O
Ngf6 9. Re1 Qc7 10. Bxg6 hxg6 11. Qe2 O-O-O 12. c3 Nh5 13. Nxh5 Rxh5 14. h3 Bd6
15. b4 Nf6 16. a4 Nd5 17. Bd2 Nf4 18. Bxf4 Bxf4 19. b5 g5 20. Ne5 Rdh8 21. bxc6
Bxe5 22. cxb7+ Kb8 23. Qxe5 g4 24. Qxc7+ Kxc7 25. Re3 Kxb7 26. Kh2 gxh3 27. Rxh3
Rxh3+ 28. gxh3 Rc8 29. Ra3 Ka6 30. f4 Ka5 31. Kg3 f5 32. h4 Rc4 33. h5 Rxa4 34.
Rb3 Rc4 35. Kh4 Rc7 36. Kg5 Ka4 37. Rb4+ Ka3 38. Kg6 a5 39. Rb6 a4 40. c4 Rxc4
41. Kxg7 Rxd4 42. Rxe6 Rxf4 43. h6 Rb4 44. h7 Rb7+ 45. Kg6 Rb8 46. Kxf5 Kb2 47.
Rb6+ Rxb6 48. h8=Q+ Kb3 49. Qh3+ Ka2 50. Qg2+ Ka3 51. Qg3+ Rb3 52. Qd6+ Kb2 53.
Qd2+ Ka3 54. Qd6+ Ka2 55. Qd2+ Rb2 56. Qd5+ Rb3 57. Qd2+ Rb2 58. Qd5+ {Game
drawn by mutual agreement} 1/2-1/2

[Event "Team 45 45 League T69"]
[Site "Internet Chess Club"]
[Date "2016.07.06"]
[Round "5"]
[White "Knight77"]
[Black "ChessHouston"]
[Result "1-0"]
[WhiteElo "1791"]
[BlackElo "1901"]
[Opening "Réti: King's Indian attack"]
[ECO "A05"]
[Time "18:31:10"]
[TimeControl "2700+45"]

1. Nf3 Nf6 2. g3 g6 3. Bg2 Bg7 4. O-O d6 5. d3 O-O 6. Nbd2 Nc6 7. e4 Be6 8. d4
Bg4 9. c3 e5 10. d5 Ne7 11. Qe2 Qd7 12. Rd1 Rae8 13. Nf1 Nexd5 14. h3 Bxf3 15.
Qxf3 Nb6 16. Be3 Nc4 17. b3 Nxe3 18. Nxe3 Nh5 19. Rd2 f5 20. Nxf5 gxf5 21. Qxh5
f4 22. Bf3 Rf6 23. Bg4 Qc6 24. Bf5 fxg3 25. fxg3 Rh6 26. Qf3 Rf8 27. Rf1 Qb6+
28. Kg2 c6 29. Qg4 Kh8 30. Rdf2 Rhf6 31. Qh4 h6 32. g4 Qe3 33. Rf3 Qd2+ 34. R1f2
Qc1 35. Qg3 d5 36. Re2 dxe4 37. Rfe3 h5 38. Re1 Qd2+ 39. R1e2 Qc1 40. Re1 Qa3
41. R3e2 Qa5 42. Bxe4 Bh6 43. Qh4 Qxc3 44. Qxh5 Qd4 45. g5 Rg8 46. h4 {Black
forfeits on time} 1-0

[Event "Team 45 45 League T69"]
[Site "Internet Chess Club"]
[Date "2016.07.06"]
[Round "5"]
[White "LiangLiang"]
[Black "IshanR"]
[Result "1-0"]
[WhiteElo "1896"]
[BlackElo "1869"]
[Opening "Ruy Lopez: Schliemann defense, Berger variation"]
[ECO "C63"]
[Time "19:01:54"]
[TimeControl "2700+45"]

1. e4 e5 2. Nf3 Nc6 3. Bb5 f5 4. Nc3 fxe4 5. Nxe4 Nf6 6. Nxf6+ Qxf6 7. Qe2 Be7
8. Bxc6 dxc6 9. Qxe5 Bg4 10. Qxf6 Bxf6 11. O-O O-O-O 12. d3 Bxf3 13. gxf3 Rhe8
14. Rd1 Re2 15. c3 Bh4 16. Rb1 Rxf2 17. Bg5 {Black resigns} 1-0

[Event "Team 45 45 League T69"]
[Site "Internet Chess Club"]
[Date "2016.07.08"]
[Round "5"]
[White "Frankly"]
[Black "platolag"]
[Result "1-0"]
[WhiteElo "1761"]
[BlackElo "1588"]
[Opening "QGD: Orthodox defense, Rubinstein attack (with Rc1)"]
[ECO "D64"]
[Time "16:02:30"]
[TimeControl "2700+45"]

1. d4 Nf6 2. c4 e6 3. Nc3 d5 4. Bg5 Be7 5. e3 O-O 6. Nf3 Nbd7 7. Rc1 c6 8. Qc2
Re8 9. a3 Nh5 10. Bxe7 Qxe7 11. cxd5 exd5 12. Be2 Nhf6 13. O-O Ne4 14. Bd3 f5
15. Rfe1 Ndf6 16. Ne5 Ng4 17. Nxg4 fxg4 18. Nxe4 dxe4 19. Bc4+ Kh8 20. d5 cxd5
21. Bxd5 Qe5 22. Red1 h5 23. Bf7 Be6 24. Bxe8 Rxe8 25. Qc5 Bb3 26. Rd8 Kh7 27.
Rxe8 Qxe8 28. Qf5+ Qg6 29. Qb5 Bf7 30. Qxb7 h4 31. Rc6 {Black resigns} 1-0

[Event "Team 45 45 League T69"]
[Site "Internet Chess Club"]
[Date "2016.07.09"]
[Round "5"]
[White "watkins"]
[Black "Constrictor"]
[Result "0-1"]
[WhiteElo "1593"]
[BlackElo "1575"]
[Opening "Queen's pawn"]
[ECO "A40"]
[Time "11:03:30"]
[TimeControl "2700+45"]

1. d4 c6 2. Bf4 d5 3. Nf3 Nf6 4. e3 Qb6 5. Qc1 Bf5 6. Nbd2 Nbd7 7. Nh4 Bg4 8. h3
Bh5 9. g4 Bg6 10. Nxg6 hxg6 11. Bd3 e6 12. c3 Be7 13. Qc2 O-O-O 14. O-O-O c5 15.
f3 c4 16. Be2 Bd6 17. Bxd6 Qxd6 18. e4 Qf4 19. Kb1 b5 20. e5 Ne8 21. Rdg1 Nc7
22. h4 a5 23. a3 Na6 24. h5 Nf8 25. Nf1 gxh5 26. gxh5 g6 27. hxg6 Nxg6 28. Rg4
Rxh1 29. Rxf4 Nxf4 30. Ka2 Rg8 31. Qd2 Nxe2 32. Qxe2 Rgg1 33. b4 Rxf1 34. Qg2
Ra1+ 35. Kb2 Rhb1+ 36. Kc2 Ra2+ {White resigns} 0-1

[Event "Team 45 45 League T69"]
[Site "Internet Chess Club"]
[Date "2016.07.08"]
[Round "5"]
[White "jonesey"]
[Black "MikeTtheGuru"]
[Result "0-1"]
[WhiteElo "1984"]
[BlackElo "2001"]
[Opening "Caro-Kann: Panov-Botvinnik attack, 5...g6"]
[ECO "B14"]
[Time "18:07:10"]
[TimeControl "2700+45"]

1. e4 c6 2. d4 d5 3. exd5 cxd5 4. c4 Nf6 5. Nc3 g6 6. Qb3 Bg7 7. cxd5 O-O 8. Be2
Na6 9. Bf3 Qb6 10. Qxb6 axb6 11. Nge2 Nb4 12. O-O Rd8 13. Nf4 Nc2 14. Be3 Nxa1
15. Rxa1 Bg4 16. Bxg4 Nxg4 17. h3 Nxe3 18. fxe3 Bh6 19. g3 Bxf4 20. gxf4 h6 21.
e4 e6 22. dxe6 Rxd4 23. e7 Re8 24. Nd5 Kg7 25. Re1 f5 {White resigns} 0-1

[Event "Team 45 45 League T69"]
[Site "Internet Chess Club"]
[Date "2016.07.09"]
[Round "5"]
[White "jjimalo"]
[Black "fledermaus"]
[Result "1/2-1/2"]
[WhiteElo "1820"]
[BlackElo "1875"]
[Opening "Sicilian: modern Scheveningen, main line"]
[ECO "B83"]
[Time "11:03:11"]
[TimeControl "2700+45"]

1. e4 c5 2. Nf3 e6 3. d4 cxd4 4. Nxd4 Nf6 5. Nc3 d6 6. Be2 Be7 7. O-O Nc6 8. Be3
O-O 9. f4 e5 10. Nb3 exf4 11. Bxf4 Be6 12. Kh1 d5 13. e5 Ne4 14. Bd3 Nxc3 15.
bxc3 f5 16. Nd4 Qd7 17. Rb1 g5 18. Bg3 f4 19. Qh5 Rf7 20. Bf2 Bg4 21. e6 Bxh5
22. exd7 Nd8 23. Rb5 Bg4 24. Rxd5 Kf8 25. h3 Be6 26. Nxe6+ Nxe6 27. Re1 Nc7 28.
Rde5 Bf6 29. Bc5+ Kg7 30. Re8 Rxd7 31. Rxa8 Nxa8 32. Bxa7 b6 33. Bb8 Bxc3 {Game
drawn by mutual agreement} 1/2-1/2

[Event "Team 45 45 League T69"]
[Site "Internet Chess Club"]
[Date "2016.07.11"]
[Round "5"]
[White "LookImYourVader"]
[Black "pishd"]
[Result "1-0"]
[WhiteElo "1717"]
[BlackElo "1793"]
[Opening "QGD: exchange, positional line, 6.Qc2"]
[ECO "D36"]
[Time "13:11:06"]
[TimeControl "2700+45"]

1. d4 Nf6 2. c4 e6 3. Nc3 d5 4. cxd5 exd5 5. Bg5 c6 6. Qc2 Be7 7. e3 Nbd7 8. Bd3
O-O 9. Nf3 Re8 10. O-O Nf8 11. Rab1 a5 12. a3 Ng6 13. b4 axb4 14. axb4 Ne4 15.
Bxe7 Qxe7 16. Bxe4 dxe4 17. Nd2 f5 18. b5 Be6 19. bxc6 bxc6 20. Rb6 Qc7 21. Rfb1
Reb8 22. Rxb8+ Rxb8 23. Rc1 Qb7 24. Na4 Bd5 25. f3 Qe7 26. fxe4 fxe4 27. Nc5 Re8
28. Nc4 h6 29. Qf2 Rf8 30. Qg3 Kh7 31. Nd2 Re8 32. Rb1 Qh4 33. Rb7 Qxg3 34. hxg3
Kg8 35. Kf2 Nf8 36. Rc7 Ne6 37. Nxe6 Rxe6 38. Nf1 Rf6+ 39. Kg1 Kh7 40. Nd2 Rg6
41. Re7 Rg4 42. Kh2 h5 43. Kh3 Kh6 44. Nb1 Rg6 45. Nc3 Re6 46. Rf7 Kg6 47. Rd7
Bc4 48. g4 hxg4+ 49. Kxg4 Re8 50. Rd6+ Re6 51. Rxe6+ Bxe6+ 52. Kf4 Kf6 53. Nxe4+
Ke7 54. g3 Bb3 55. Kg5 Bc2 56. Nd2 Bh7 57. Nc4 Ke6 58. Kf4 Kd5 59. Nb6+ Kd6 60.
e4 Kc7 61. Na4 Bg8 62. Ke5 Bb3 63. Nc5 Ba2 64. Ne6+ Kb6 65. Nxg7 c5 66. dxc5+
Kxc5 67. Kf6 Kd6 68. e5+ Kd7 69. e6+ Bxe6 70. Nxe6 Ke8 71. g4 Kd7 72. Kf7 Kd6
73. g5 {Black resigns} 1-0

[Event "Team 45 45 League T69"]
[Site "Internet Chess Club"]
[Date "2016.07.11"]
[Round "5"]
[White "elmaestro"]
[Black "az2112"]
[Result "1/2-1/2"]
[WhiteElo "1730"]
[BlackElo "1606"]
[Opening "Queen's pawn game"]
[ECO "A45"]
[Time "21:20:56"]
[TimeControl "2700+45"]

1. d4 Nf6 2. e3 g6 3. Bd3 Bg7 4. Nf3 O-O 5. O-O d6 6. Nbd2 Nbd7 7. c3 b6 8. e4
c5 9. Re1 Qc7 10. Qe2 Bb7 11. h3 e6 12. Nf1 d5 13. e5 c4 14. Bc2 Ne8 15. Ng5
{Game drawn by mutual agreement} 1/2-1/2

[Event "Team 45 45 League T69"]
[Site "Internet Chess Club"]
[Date "2016.07.06"]
[Round "5"]
[White "QuieroAprender"]
[Black "nosir"]
[Result "1-0"]
[WhiteElo "1596"]
[BlackElo "1534"]
[Opening "King's Indian defense, 3.Nc3"]
[ECO "E61"]
[Time "18:43:08"]
[TimeControl "2700+45"]

1. d4 Nf6 2. c4 g6 3. Nc3 Bg7 4. Bf4 c6 5. e3 O-O 6. e4 d6 7. f3 Nbd7 8. Be2 e5
9. dxe5 dxe5 10. Be3 Qc7 11. Qc2 Rd8 12. Rd1 Nf8 13. Rxd8 Qxd8 14. Qd1 Qc7 15.
g4 Be6 16. g5 Nh5 17. h4 Ng3 18. Rh2 Nxe2 19. Qxe2 b6 20. Rf2 Nd7 21. f4 exf4
22. Bxf4 Be5 23. Bxe5 Qxe5 24. Nf3 Qc5 25. Nd2 Ne5 26. b3 Rd8 27. Nd5 Bg4 28.
Nf6+ Kg7 29. Nxg4 Nd3+ 30. Kf1 Nxf2 31. Nxf2 Qd6 32. Nf3 a6 33. Qb2+ Kg8 34. Qf6
Qe6 35. Qxd8+ Kg7 36. Qd4+ Kg8 37. Qxb6 Qc8 38. Qd4 Qf8 39. Ne5 Qa3 40. Qd8+ Qf8
41. Qxf8+ Kxf8 42. Nxc6 Ke8 43. Nd3 Kf8 44. Nc5 Ke8 45. Nxa6 Kd7 46. Na7 {Black
resigns} 1-0

[Event "Team 45 45 League T69"]
[Site "Internet Chess Club"]
[Date "2016.07.07"]
[Round "5"]
[White "rubo"]
[Black "drsigmund1"]
[Result "1-0"]
[WhiteElo "1568"]
[BlackElo "1502"]
[Opening "Queen's pawn"]
[ECO "A40"]
[Time "21:00:13"]
[TimeControl "2700+45"]

1. d4 e6 2. Nf3 f5 3. Bf4 c5 4. c3 Qb6 5. Qb3 Nc6 6. e3 Qxb3 7. axb3 a6 8. Nbd2
d5 9. Bd3 Nf6 10. h3 b5 11. Bxb5 Bd7 12. O-O Be7 13. Bxa6 O-O 14. Bb7 Rxa1 15.
Rxa1 Nd8 16. Ba6 Ne4 17. Nxe4 fxe4 18. Ne5 Be8 19. Bc8 cxd4 20. cxd4 Bb4 21. Ra8
Nf7 22. Bxe6 Bd2 {Black resigns} 1-0

[Event "Team 45 45 League T69"]
[Site "Internet Chess Club"]
[Date "2016.07.18"]
[Round "5"]
[White "pcvan"]
[Black "supraholic"]
[Result "1-0"]
[WhiteElo "1476"]
[BlackElo "1415"]
[Opening "Three knights game"]
[ECO "C46"]
[Time "21:30:23"]
[TimeControl "2700+45"]

1. e4 e5 2. Nf3 Nc6 3. Nc3 Bc5 4. Nxe5 Nxe5 5. d4 Bd6 6. dxe5 Bxe5 7. Bd3 Bxc3+
8. bxc3 Nf6 9. O-O O-O 10. Bg5 h6 11. Bh4 d6 12. f4 Bg4 13. Bxf6 Qxf6 14. Qxg4
Qxc3 15. Rab1 Rab8 16. Rf3 Qf6 17. Re1 Qb2 18. Rh3 Kh8 19. e5 Rbe8 20. Qf5 g6
21. Rxh6+ Kg7 22. Rxg6+ {Black resigns} 1-0

[Event "Team 45 45 League T69"]
[Site "Internet Chess Club"]
[Date "2016.07.12"]
[Round "5"]
[White "g8wrb"]
[Black "olivermx"]
[Result "0-1"]
[WhiteElo "1293"]
[BlackElo "1335"]
[Opening "Polish (Sokolsky) opening"]
[ECO "A00"]
[Time "06:18:24"]
[TimeControl "2700+45"]

1. b4 e5 2. Bb2 d6 3. c4 Nf6 4. e3 Nbd7 5. Be2 b6 6. Qc2 Bb7 7. Nf3 Be7 8. Nc3
O-O 9. O-O a5 10. a3 Bc6 11. Rfd1 Re8 12. d4 exd4 13. Nxd4 Bb7 14. Bd3 h6 15.
Nf5 Ne5 16. Be4 Bxe4 17. Nxe4 Qc8 18. Nxe7+ Rxe7 19. Nxf6+ gxf6 20. Rd4 axb4 21.
axb4 Rxa1+ 22. Bxa1 Qe6 23. Rh4 f5 24. c5 Qg6 25. Bxe5 Rxe5 26. cxb6 cxb6 27.
Rf4 Qf6 28. g3 Rd5 29. Qc8+ Kg7 30. Kg2 Re5 31. Qc6 d5 32. Qc3 Re4 33. Qxf6+
Kxf6 34. Kf1 Rxf4 35. gxf4 Kg6 36. Ke2 Kh5 37. Kd3 Kh4 38. Kd4 Kh3 39. Kxd5 Kxh2
40. Ke5 h5 41. Kxf5 h4 42. Kg4 h3 43. e4 Kg2 44. e5 h2 45. e6 fxe6 {White
resigns} 0-1

[Event "Team 45 45 League T69"]
[Site "Internet Chess Club"]
[Date "2016.07.06"]
[Round "5"]
[White "Mitochondria"]
[Black "zorori"]
[Result "1-0"]
[WhiteElo "1567"]
[BlackElo "1668"]
[Opening "Grünfeld: exchange, Spassky variation"]
[ECO "D87"]
[Time "21:16:29"]
[TimeControl "2700+45"]

1. d4 Nf6 2. c4 g6 3. Nc3 d5 4. cxd5 Nxd5 5. e4 Nxc3 6. bxc3 Bg7 7. Bc4 c5 8.
Ne2 O-O 9. O-O Nc6 10. Be3 Qc7 11. Qc2 Rd8 12. Rfd1 a6 13. Qc1 b5 14. Bd5 Bb7
15. Bf4 Qb6 16. Be3 cxd4 17. cxd4 Rac8 18. Qa3 e6 19. Bb3 Nxd4 20. Nxd4 Bxd4 21.
Rxd4 Rxd4 22. Qe7 Qd8 23. Qxb7 Rd6 24. e5 Rdc6 25. Rd1 Qe8 26. Qd7 Qxd7 27. Rxd7
a5 28. g3 a4 29. Bd1 R6c7 30. Rd4 Kf8 31. Kg2 Ke7 32. Rb4 Rb8 33. Bxa4 Rcb7 34.
Bb3 Kd7 35. Bg5 Kc6 36. Be3 Rd7 37. a4 Rdb7 38. a5 Ra8 39. Bb6 Ra6 40. Rd4 Rd7
41. Rf4 Ra8 42. Bc2 Ra6 43. Be4+ Rd5 44. Rxf7 b4 45. Rc7+ Kb5 46. Bxd5 exd5 47.
Rb7 Kc4 48. e6 b3 49. Rb8 Kd3 50. e7 b2 51. e8=Q b1=Q 52. Qe3+ Kc4 53. Qe2+ Qd3
54. Rc8+ Kb4 55. Qxd3 Rxb6 56. axb6 h5 57. b7 g5 58. Qb1+ Ka3 59. Ra8# {Black
checkmated} 1-0

[Event "Team 45 45 League T69"]
[Site "Internet Chess Club"]
[Date "2016.07.16"]
[Round "5"]
[White "houseofcook"]
[Black "bmw2002"]
[Result "0-1"]
[WhiteElo "1390"]
[BlackElo "1432"]
[Opening "Caro-Kann: exchange variation"]
[ECO "B13"]
[Time "03:04:43"]
[TimeControl "2700+45"]

1. e4 c6 2. d4 d5 3. exd5 cxd5 4. Bd3 Nf6 5. c3 g6 6. Bf4 Bg7 7. h3 Nc6 8. Nf3
O-O 9. O-O Re8 10. Re1 Nd7 11. Nbd2 e5 12. dxe5 Ndxe5 13. Bc2 Nxf3+ 14. Nxf3
Rxe1+ 15. Qxe1 Be6 16. Rd1 Qb6 17. b3 Qa5 18. Bb1 Qxc3 19. Qxc3 Bxc3 20. Be3 b6
21. Nd4 Nxd4 22. Bxd4 Bxd4 23. Rxd4 Rc8 24. Rd1 Kf8 25. Bd3 Ke7 26. Kh2 Rc3 27.
f3 Kd6 28. Kg3 Ke5 29. Kf2 Kf4 30. g3+ Ke5 31. h4 Rc5 32. Ke3 Bf5 33. Bxf5 gxf5
34. Kd3 d4 35. Rd2 Rc3+ 36. Ke2 Re3+ 37. Kf2 b5 38. f4+ Ke4 39. Re2 Kd3 40. Rb2
Kc3 41. Re2 Rxe2+ 42. Kxe2 Kc2 {White resigns} 0-1

[Event "Team 45 45 League T69"]
[Site "Internet Chess Club"]
[Date "2016.07.17"]
[Round "5"]
[White "BrerRabbit"]
[Black "rkjulianjr"]
[Result "0-1"]
[WhiteElo "1417"]
[BlackElo "1348"]
[Opening "Queen's pawn, Mason variation"]
[ECO "D00"]
[Time "19:00:35"]
[TimeControl "2700+45"]

1. d4 d5 2. Bf4 Nf6 3. e3 c5 4. c3 Qb6 5. Qb3 c4 6. Qc2 g6 7. b3 Bf5 8. Qd1 cxb3
9. axb3 Bg7 10. Nd2 Ne4 11. Nxe4 Bxe4 12. Ne2 Nd7 13. Ng3 Nf6 14. Nxe4 Nxe4 15.
c4 Qb4+ 16. Ke2 Nc3+ {White resigns} 0-1

[Event "Team 45 45 League T69"]
[Site "Internet Chess Club"]
[Date "2016.07.11"]
[Round "5"]
[White "JohLeb"]
[Black "artspir"]
[Result "1-0"]
[WhiteElo "1406"]
[BlackElo "1173"]
[Opening "QGD Slav: 4.Nc3"]
[ECO "D15"]
[Time "13:30:13"]
[TimeControl "2700+45"]

1. d4 d5 2. c4 c6 3. Nc3 Nf6 4. Nf3 Bf5 5. Bg5 Nbd7 6. e3 h6 7. Bh4 g5 8. Bg3 e6
9. Bd3 Ne4 10. Bxe4 dxe4 11. Ne5 Nxe5 12. Bxe5 f6 13. Qh5+ Ke7 14. Bg3 b6 15. f3
Rg8 16. fxe4 g4 17. exf5 Rg5 18. Qh4 h5 19. O-O exf5 20. Bf4 Bh6 21. Bxg5 Bxg5
22. Qxh5 Bxe3+ 23. Kh1 Qxd4 24. Rad1 Qxc4 25. Qh7+ Ke6 26. Qd7+ Ke5 27. Qe7+
{Black resigns} 1-0

[Event "Team 45 45 League T69"]
[Site "Internet Chess Club"]
[Date "2016.07.08"]
[Round "5"]
[White "idjit"]
[Black "Innes"]
[Result "1-0"]
[WhiteElo "1517"]
[BlackElo "1484"]
[Opening "French: Marshall variation"]
[ECO "C10"]
[Time "17:00:56"]
[TimeControl "2700+45"]

1. e4 e6 2. d4 d5 3. Nc3 c5 4. Nf3 Nc6 5. Be3 cxd4 6. Nxd4 Nxd4 7. Qxd4 Ne7 8.
exd5 Nf5 9. Qe4 Nxe3 10. Qxe3 a6 11. O-O-O Qc7 12. dxe6 Bxe6 13. Nd5 Qc6 14. Nf4
Bc5 15. Qe1 O-O 16. Nxe6 fxe6 17. f3 b5 18. Bd3 Qc7 19. Qxe6+ Kh8 20. Be4 Rac8
21. Rd7 Qa5 22. Rhd1 Rfe8 23. Qf7 Be3+ 24. Kb1 Bh6 25. Qf5 Rxe4 26. Qxe4 Bg5 27.
Rxg7 Kxg7 28. Rd7+ Kh6 29. Qxh7# {Black checkmated} 1-0

[Event "Team 45 45 League T69"]
[Site "Internet Chess Club"]
[Date "2016.07.09"]
[Round "5"]
[White "isolani"]
[Black "Gojira"]
[Result "0-1"]
[WhiteElo "1472"]
[BlackElo "1597"]
[Opening "QGD Slav: 4.e3 Bf5"]
[ECO "D12"]
[Time "08:00:28"]
[TimeControl "2700+45"]

1. d4 d5 2. Nf3 Nf6 3. c4 c6 4. e3 Bf5 5. Bd3 Bg4 6. Nbd2 e6 7. Qb3 Qb6 8. Ne5
Bh5 9. c5 Qc7 10. Ndf3 Nbd7 11. Bd2 Nxe5 12. Nxe5 Ne4 13. Bb4 a5 14. Bc3 Rb8 15.
Qb6 Qxb6 16. cxb6 Nxc3 17. bxc3 f6 18. Nf3 c5 19. Bb5+ Kd8 20. Rb1 Bg6 21. Rc1
c4 22. Kd2 Ba3 23. Rce1 Ra8 24. Nh4 Bd3 25. g3 a4 26. f3 Ra5 {White resigns} 0-1

[Event "Team 45 45 League T69"]
[Site "Internet Chess Club"]
[Date "2016.07.09"]
[Round "5"]
[White "Just-Jim"]
[Black "Leon13"]
[Result "0-1"]
[WhiteElo "1233"]
[BlackElo "1293"]
[Opening "Queen's pawn game"]
[ECO "D00"]
[Time "11:00:19"]
[TimeControl "2700+45"]

1. d4 d5 2. e3 Nf6 3. f4 e6 4. Nf3 Ne4 5. Be2 Be7 6. O-O b6 7. c4 O-O 8. c5 bxc5
9. dxc5 Bxc5 10. Qb3 Bb6 11. Bb5 Nd7 12. Nc3 Rb8 13. Nd4 Bxd4 14. exd4 c6 15.
Nxe4 Rxb5 16. Qa4 dxe4 17. Be3 Nf6 18. Rac1 Bd7 19. d5 exd5 20. Bc5 Re8 21. Qxa7
e3 22. Rfe1 d4 23. Bxd4 e2 24. Rc2 Rf5 25. Rcxe2 Rxe2 26. Rxe2 Rxf4 27. Bb6 Qc8
28. Rd2 Nd5 29. Be3 Re4 30. Bf2 Qe8 31. g3 h6 32. Kg2 Bg4 33. h3 Bf5 34. a3 Re2
35. Rd1 Qe4+ 36. Kg1 Bxh3 37. Qb7 Qg2# {White checkmated} 0-1

[Event "Team 45 45 League T69"]
[Site "Internet Chess Club"]
[Date "2016.07.11"]
[Round "5"]
[White "Andaluz"]
[Black "bhandelman"]
[Result "1/2-1/2"]
[WhiteElo "1367"]
[BlackElo "1340"]
[Opening "Sicilian: closed"]
[ECO "B23"]
[Time "11:03:19"]
[TimeControl "2700+45"]

1. e4 c5 2. Nc3 d6 3. Nf3 Nc6 4. Bc4 Nf6 5. O-O e6 6. d3 a6 7. a4 Be7 8. Bd2 O-O
9. Re1 Bd7 10. Bb3 Na5 11. Ba2 b5 12. axb5 axb5 13. e5 dxe5 14. Nxe5 Be8 15. Ne4
Nxe4 16. dxe4 Bf6 17. Bc3 b4 18. Qxd8 Rxd8 19. Nxf7 Bxf7 20. Bxf6 gxf6 21. Bxe6
Bxe6 22. Rxa5 c4 23. Ra6 Rfe8 24. Kf1 Kf7 25. Ke2 Rd7 26. f3 Red8 27. Ke3 Rd2
28. Re2 Rxe2+ 29. Kxe2 c3 30. Ra7+ Rd7 31. Rxd7+ Bxd7 32. bxc3 bxc3 33. Kd3 Bb5+
34. Kxc3 Bf1 35. Kd4 Ke6 36. g3 Bg2 37. f4 Bf3 38. f5+ Ke7 39. c4 {Game drawn by
mutual agreement} 1/2-1/2

[Event "Team 45 45 League T69"]
[Site "Internet Chess Club"]
[Date "2016.07.11"]
[Round "5"]
[White "Elalfer"]
[Black "cityprosecutor"]
[Result "1/2-1/2"]
[WhiteElo "1630"]
[BlackElo "1748"]
[Opening "Benkö gambit"]
[ECO "A57"]
[Time "16:05:50"]
[TimeControl "2700+45"]

1. d4 Nf6 2. c4 c5 3. d5 b5 4. Nf3 Qa5+ 5. Nc3 b4 6. Qa4 Qa6 7. Qxa6 Bxa6 8. Na4
Bxc4 9. Nxc5 d6 10. Nd3 Nxd5 11. e4 Bxd3 12. Bxd3 Nb6 13. Be3 N8d7 14. Rc1 Rc8
15. Kd2 Nc5 16. Bb5+ Nbd7 17. Rc4 a5 18. Rhc1 e6 19. Ne1 Rb8 20. Bc6 Ke7 21. Nd3
Nxd3 22. Bxd7 Nxc1 23. Rc7 Kd8 24. Ra7 Nxa2 25. Ba4 b3 26. Rxf7 Be7 27. Rxg7 Bf6
28. Rd7+ Kc8 29. Rxd6 Bxb2 30. Rc6+ Kb7 31. Rb6+ Kc7 32. Rc6+ Kb7 33. Rb6+ {Game
drawn by mutual agreement} 1/2-1/2

[Event "Team 45 45 League T69"]
[Site "Internet Chess Club"]
[Date "2016.07.10"]
[Round "5"]
[White "Hal2001"]
[Black "cayo89"]
[Result "0-1"]
[WhiteElo "1633"]
[BlackElo "1652"]
[Opening "QP counter-gambit (elephant gambit)"]
[ECO "C40"]
[Time "11:01:40"]
[TimeControl "2700+45"]

1. e4 e5 2. Nf3 d5 3. exd5 e4 4. Qe2 Qe7 5. Nc3 exf3 6. gxf3 Qxe2+ 7. Bxe2 Nf6
8. d4 Bf5 9. Nb5 Na6 10. c4 Bb4+ 11. Bd2 Bxd2+ 12. Kxd2 O-O 13. h4 Rfd8 14. Rhg1
c6 15. Nc3 cxd5 16. c5 Nb4 17. Rac1 Nc6 18. Nb5 a6 19. Nd6 Nxd4 20. Nxb7 Rdb8
21. c6 Nxc6 22. Rxc6 Rxb7 23. Rxf6 Rxb2+ 24. Kc3 Rxe2 25. Rxf5 Rxf2 26. Rd1 g6
27. Rf4 Rxa2 28. Rxd5 Rh2 29. Rd7 a5 30. Rfxf7 Rxh4 31. f4 a4 32. Kb2 a3+ 33.
Ka2 Rh2+ 34. Ka1 a2 35. Ra7 Rxa7 36. Rxa7 Rf2 37. Rb7 Rxf4 38. Kxa2 Rf7 39. Rb3
g5 40. Rg3 h6 41. Kb2 Kg7 42. Kc2 Kg6 43. Kd2 h5 44. Ke2 h4 45. Re3 Kh5 46. Re5
h3 47. Re8 Kh4 48. Re4+ g4 49. Re8 h2 50. Rh8+ Kg3 {White resigns} 0-1

[Event "Team 45 45 League T69"]
[Site "Internet Chess Club"]
[Date "2016.07.08"]
[Round "5"]
[White "krysto"]
[Black "elessar"]
[Result "0-1"]
[WhiteElo "1603"]
[BlackElo "1685"]
[Opening "QGD Slav: 5.e3 (Alekhine variation)"]
[ECO "D15"]
[Time "18:00:11"]
[TimeControl "2700+45"]

1. d4 d5 2. c4 c6 3. Nc3 Nf6 4. Nf3 dxc4 5. e3 b5 6. a4 b4 7. Nb1 Ba6 8. Nbd2 c3
9. bxc3 Bxf1 10. Nxf1 bxc3 11. a5 e6 12. Qb3 Qc7 13. Qxc3 Qb7 14. Ba3 Ne4 15.
Qc1 Bb4+ 16. Bxb4 Qxb4+ 17. N1d2 Nxd2 18. Qxd2 Qxd2+ 19. Kxd2 O-O 20. Rhc1 f6
21. Rc5 Rd8 22. Ke2 Rd5 23. Rac1 Kf7 24. Nd2 Rxc5 25. Rxc5 Ke7 26. Nb3 Kd7 27.
Rc2 Na6 28. Rb2 Kc7 29. Nc5 Nxc5 30. dxc5 Rb8 31. Rxb8 Kxb8 32. a6 Kc7 33. Kd3
e5 34. f4 exf4 35. exf4 Kd7 36. Ke4 Ke6 37. g4 f5+ 38. gxf5+ Kf6 39. h4 h5 40.
Ke3 Kxf5 41. Kf3 g6 42. Ke3 Kg4 43. Ke4 Kxh4 44. Kf3 Kh3 45. f5 gxf5 46. Kf4 Kg2
{White resigns} 0-1